 Dungeon Crawl Stone Soup version 0.27.1-4-g1640c2035a (webtiles) character file.

Game seed: 16606349886021341348

1036 Stomo444 the Skirmisher (level 8, -7/71 HPs)
             Began as a Black Draconian Monk on Nov 10, 2021.
             Mangled by Prince Ribbit (13 damage)
             ... on level 7 of the Dungeon.
             The game lasted 00:07:55 (7483 turns).

Stomo444 the Skirmisher (Black Draconian Monk)      Turns: 7483, Time: 00:07:56

Health: -7/71      AC:  6    Str: 17    XL:     8   Next: 4%
Magic:  8/8        EV: 14    Int: 16    God:
Gold:   162        SH:  0    Dex: 13    Spells: 7/7 levels left

rFire    . . .     SeeInvis .   t - +0 flail
rCold    + . .     Faith    .   (no shield)
rNeg     . . .     Spirit   .   (armour unavailable)
rPois    .         Reflect  .   (helmet restricted)
rElec    +         Harm     .   (no cloak)
rCorr    .         Rampage  .   (no gloves)
Will     .....                  (no boots)
Stlth    ++........             (no amulet)
HPRegen  0.21/turn              m - ring of protection from cold
MPRegen  0.11/turn              r - +6 ring of intelligence

@: no status effects
A: breathe lightning, AC +6, unfitting armour, electricity resistance,
cold-blooded
a: Breathe Lightning


You were on level 7 of the Dungeon.
You visited 1 branch of the dungeon, and saw 6 of its levels.
You also visited: Ossuary.

You collected 162 gold pieces.

Inventory:

Hand Weapons
 a - a +1 mace
 t - a +0 flail (weapon)
Jewellery
 m - a ring of protection from cold (left hand)
 q - a ring of fire
 r - a +6 ring of intelligence (right hand)
Wands
 g - a wand of flame (53)
 v - a wand of acid (6)
Scrolls
 b - 4 scrolls of teleportation
 d - 7 scrolls of identify
 e - a scroll of silence
 h - a scroll of fear {unknown}
 o - a scroll of enchant weapon
 u - a scroll of amnesia
Potions
 c - 4 potions of curing
 f - a potion of flight
 i - 3 potions of brilliance
 j - a potion of berserk rage
 k - a potion of lignification {unknown}
 l - 2 potions of invisibility {unknown}
 n - a potion of degeneration {unknown}
 p - 2 potions of cancellation {unknown}
 s - 2 potions of attraction {unknown}


   Skills:
 + Level 6.7 Fighting
 + Level 6.2 Maces & Flails
 + Level 5.6 Dodging
 - Level 1.7 Stealth


You had 7 spell levels left.
You didn't know any spells.
Your spell library contained the following spells:

 Spells                   Type           Power      Damage    Failure   Level
 Beastly Appendage        Tmut           0%         N/A       26%         1
 Magic Dart               Conj           0%         1d3       26%         1
 Searing Ray              Conj           0%         3d3       36%         2
 Wereblood                Tmut           0%         N/A       36%         2
 Spider Form              Tmut/Pois      0%         N/A       58%         3
 Fulminant Prism          Conj/Hex       0%         3d6       94%         4


Dungeon Overview and Level Annotations

Branches:
Dungeon (7/15)            Ossuary (visited)
 Temple: D:4-7

Altars:
Cheibriados
Fedhas
Gozag
Ru
Uskayaw
The Shining One

Annotations:
D:3 3 runed translucent doors, Whoops's ghost, amateur FoFi; bananadrama's ghost, amateur GrEE; horus123's ghost, weakling DsFi
D:7 Prince Ribbit


Innate Abilities, Weirdness & Mutations

You can breathe wild blasts of lightning.
Your glossy black scales are hard. (AC +6)
You cannot fit into any form of body armour.
You are resistant to electric shocks. (rElec)
You are cold-blooded and may be slowed by cold attacks.


Message History

You hit Prince Ribbit.
Prince Ribbit is heavily wounded.
Prince Ribbit hits you! Prince Ribbit hits you!
Prince Ribbit completely misses you.
You breathe a wild blast of lightning!
You hear a mighty clap of thunder!
The bolt of lightning misses Prince Ribbit.
You hear a mighty clap of thunder!
The zap misses Prince Ribbit.
You hear a shout! x3
Prince Ribbit hits you!
Unknown command.
Prince Ribbit barely misses you. Prince Ribbit hits you!
* * * LOW HITPOINT WARNING * * *
Prince Ribbit blinks!
Prince Ribbit closely misses you.
Prince Ribbit croaks regally.
Prince Ribbit closely misses you. Prince Ribbit hits you!
* * * LOW HITPOINT WARNING * * *
Prince Ribbit misses you.
There is a stone staircase leading up, spattered with blood here.
Prince Ribbit says, "You're just another fly to me."
Prince Ribbit misses you.
There is an open door here.
Prince Ribbit closely misses you.
Prince Ribbit blinks!
You have got your breath back.
Prince Ribbit hits you but does no damage.
Prince Ribbit completely misses you.
Prince Ribbit blinks!
Okay, then.
Prince Ribbit misses you.
Prince Ribbit blinks!
There is an open door here.
Prince Ribbit hits you.
* * * LOW HITPOINT WARNING * * *
Prince Ribbit barely misses you. Prince Ribbit closely misses you.
Prince Ribbit hits you!
You die...

...#.....#.######################
#...#..##.......................
#...............................
#....................<..........
#...............................
#...............................
##.....###+#.....###'############
#......#...#.....#......# ######
.......#...#....@#......# #.....
.......#...#....F#......# #.####
..(....#...#.....#......# #...
.......'...#.....#......# #.##
.......#F..#....g##...### #.#.
###+####...##.....#g..# ....
........÷.....#.§.# #.#.
........#.....'...# #.##
........#.....#...# # ..


You could see Prince Ribbit and a gnoll.

Vanquished Creatures
  2 black bears
  A centaur (D:6)
  A bullfrog (D:6)
  2 elf zombies (Ossuary)
  A water moccasin skeleton (D:4)
  A wyvern skeleton (D:6)
  2 centaur zombies
  A human zombie (Ossuary)
  A centaur skeleton (D:6)
  A gnoll shaman (D:6)
  An iguana (D:6)
  2 mummies (Ossuary)
  A howler monkey zombie (D:6)
  9 gnolls
  A howler monkey skeleton (D:7)
  5 adders
  A white imp (D:6)
  An ufetubus (D:3)
  An adder zombie (Ossuary)
  2 worms (D:2)
  2 dart slugs
  2 orcs (D:6)
  8 ball pythons
  5 bats
  5 endoplasms (D:1)
  4 goblins
  4 hobgoblins
  5 jackals
  2 quokkas
  4 frilled lizards
  5 hobgoblin zombies (Ossuary)
  4 jackal zombies (Ossuary)
  6 kobolds
  10 kobold zombies (Ossuary)
  10 orc zombies (Ossuary)
  7 rats
  3 rat zombies (Ossuary)
123 creatures vanquished.

Notes
Turn   | Place    | Note
-------+----------+-------------------------------------------
     0 | D:1      | Stomo444 the Draconian Monk began the quest for the Orb.
     0 | D:1      | Reached XP level 1. HP: 19/19 MP: 1/1
   341 | D:1      | Reached XP level 2. HP: 22/26 MP: 2/2
   957 | D:1      | Reached XP level 3. HP: 22/33 MP: 3/3
  2195 | D:3      | Reached XP level 4. HP: 25/40 MP: 4/4
  2857 | D:3      | Found a runed translucent gate.
  2857 | D:3      | Found a runed translucent gate.
  2857 | D:3      | Found a runed translucent gate.
  2857 | D:3      | Noticed horus123's ghost (weakling DsFi)
  2858 | D:3      | Noticed bananadrama's ghost (amateur GrEE)
  2858 | D:3      | Noticed Whoops's ghost (amateur FoFi)
  3733 | D:4      | Reached XP level 5. HP: 44/47 MP: 5/5
  3957 | D:4      | Found a blossoming altar of Fedhas.
  4058 | D:4      | You fall into a shaft and drop 3 floors!
  4059 | D:7      | Found an opulent altar of Gozag.
  4136 | D:7      | Found a sand-covered staircase.
  4151 | Ossuary  | Entered an ossuary
  4327 | Ossuary  | Reached skill level 5 in Fighting
  4327 | Ossuary  | Reached XP level 6. HP: 17/56 MP: 6/6
  4732 | Ossuary  | Reached skill level 5 in Maces & Flails
  5194 | D:6      | Found a hide-covered altar of Uskayaw.
  5224 | D:6      | Your scales start taking on a glossy black colour.
  5224 | D:6      | Reached XP level 7. HP: 31/62 MP: 7/7
  5224 | D:6      | Gained mutation: You are resistant to electric shocks.
                  | (rElec) [Black Draconian growth]
  5529 | D:6      | Reached skill level 5 in Dodging
  5879 | D:6      | Found a glowing golden altar of the Shining One.
  6953 | D:7      | Found a sacrificial altar of Ru.
  6983 | D:7      | Noticed Prince Ribbit
  7167 | D:7      | Found a snail-covered altar of Cheibriados.
  7238 | D:7      | Reached XP level 8. HP: 37/71 MP: 8/8
  7483 | D:7      | Mangled by Prince Ribbit

Illustrated notes

Levels and vault maps discovered:
D:1:      ebering_trefoil_3fold, layout_basic, minmay_tripent
D:2:      layout_basic, minivault_19, dk_vineyard_1, minmay_split_cup_small
D:3:      layout_loops_corners, gammafunk_ghost_cemetery
D:4:      layout_cave_pods, chequers_temple_overflow_minitemple,
          overflow_temple_1_default, minitemple, item_on_display_a
D:6:      layout_basic, mainiacjoe_overflow_24_doors, old_standard_altar
D:7:      layout_gridville, grunt_gozag_statues, ashenzari_altar_1,
          nicolae_ru_sacrificial_ziggurat, mainiacjoe_overflow_chevrons,
          minmay_temple_entry_enclosed_plants, nicolae_ossuary_entry_ruins,
          uniq_prince_ribbit1

Skill      XL: |  1  2  3  4  5  6  7 |
---------------+----------------------+-----
Dodging        | 3 4 5 |  5.6
Fighting       | 4 5 6 |  6.7
Maces & Flails | 4 5 6 |  6.2
Stealth        | |  1.7

Action                   |  1- 3 |  4- 6 |  7- 9 || total
-------------------------+-------+-------+-------++-------
Melee: Mace              |   124 |   286 |    87 ||   497
       Tailslap          |    10 |    34 |    21 ||    65
       Flail             |       |       |    14 ||    14
 Abil: Breathe Lightning |       |       |    10 ||    10
  Use: Scroll            |       |     7 |     1 ||     8
       Potion            |       |     3 |     2 ||     5
 Stab: Sleeping          |     8 |     3 |       ||    11
Armor: Skin              |    43 |    88 |    38 ||   169
Dodge: Dodged            |   104 |   217 |   114 ||   435
